 Dungeon Crawl Stone Soup version 0.30-a0-883-g5ad918d77d (webtiles) character file.

Game seed: 5401754564986850506

12370 Aequonox the Ogre Mage (level 11, -1/113 HPs)
             Began as an Ogre Fire Elementalist on Mar 17, 2023.
             Was a Believer of Elyvilon.
             Slain by an orc warrior
             ... wielding a +0 trident
              (3 damage)
             ... on level 11 of the Dungeon.
             The game lasted 01:25:08 (17237 turns).

Aequonox the Ogre Mage (Ogre Fire Elementalist)    Turns: 17237, Time: 01:25:09

Health: -1/113     AC:  7    Str: 20    XL:     11   Next: 92%
Magic:  24/24      EV: 11    Int: 23    God:    Elyvilon [**....]
Gold:   669        SH:  0    Dex: 17    Spells: 26/29 levels left

rFire   . . .      SeeInvis .    f - +3 mace (protect)
rCold   . . .      Faith    .    A - +0 kite shield
rNeg    . . .      Spirit   .    n - +1 robe "Qom Jeu" {Int+5 Slay+5}
rPois   .          Reflect  .    (helmet restricted)
rElec   .          Rampage  .    j - +2 cloak
rCorr   .                        (gloves unavailable)
Will    +....                    (boots unavailable)
Stlth   +                        (no amulet)
HPRegen 0.38/turn                a - +6 ring of dexterity
MPRegen 0.19/turn                z - +6 ring of strength

@: confused, ambrosia-drunk
A: large, unfitting armour, tough skin 1
a: Renounce Religion, Purification, Heal Other


You were on level 11 of the Dungeon.
You worshipped Elyvilon.
Elyvilon was pleased with you.
You visited 2 branches of the dungeon, and saw 13 of its levels.

You collected 714 gold pieces.
You donated 45 gold pieces to Zin.

Inventory:

Hand Weapons
 f - a +3 mace of protection (weapon)
Missiles
 x - 16 poisoned darts
 C - 6 atropa-tipped darts
Armour
 j - a +2 cloak (worn)
 n - the +1 robe "Qom Jeu" (worn) {Int+5 Slay+5}
   (You found it on level 4 of the Dungeon)

   Int:       It affects your intelligence (+5).
   Slay:      It affects your accuracy & damage with ranged weapons and melee
   (+5).
 A - a +0 kite shield (worn)
 B - +0 acid dragon scales
Magical Staves
 d - a staff of air
 y - a staff of cold
Jewellery
 a - a +6 ring of dexterity (left hand)
 s - a ring of ice
 v - a ring of resist corrosion
 z - a +6 ring of strength (right hand)
 D - a ring of poison resistance
Wands
 r - a wand of mindburst (11)
 E - a wand of flame (44)
 K - a wand of paralysis (1)
Scrolls
 h - 2 scrolls of identify
 l - a scroll of enchant armour
 u - a scroll of amnesia {unknown}
 G - a scroll of fog {unknown}
 H - a scroll of vulnerability {unknown}
 I - a scroll of blinking {unknown}
Potions
 b - 4 potions of magic
 c - 2 potions of flight
 e - a potion of ambrosia
 i - 2 potions of berserk rage
 k - a potion of mutation {unknown}
 m - a potion of resistance {unknown}
 p - a potion of invisibility {unknown}
 q - a potion of lignification {unknown}
 t - 4 potions of brilliance
 F - a potion of attraction
 L - a potion of degeneration {unknown}


   Skills:
 * Level 8.6 Fighting
 - Level 4.8(6.9) Axes
 * Level 7.0(7.6) Maces & Flails
 - Level 4.0 Armour
 * Level 5.7 Dodging
 - Level 1.5 Stealth
 * Level 6.0 Shields
 + Level 9.8 Spellcasting
 * Level 4.1 Conjurations
 - Level 3.6 Fire Magic
 - Level 3.4 Evocations


You had 26 spell levels left.
You knew the following spells:

 Your Spells              Type           Power      Damage    Failure   Level
a - Foxfire               Conj/Fire      100%       2x1d9     2%          1
b - Scorch                Fire           56%        2d8       4%          2

Your spell library contained the following spells:

 Spells                   Type           Power      Damage    Failure   Level
 Magic Dart               Conj           100%       1d8       2%          1
 Searing Ray              Conj           60%        2d6       3%          2
 Kiss of Death            Conj/Necr      80%        2d11      5%          1
 Static Discharge         Conj/Air       40%        2-4/arc   8%          2
 Freeze                   Ice            44%        1d6       12%         1
 Hailstorm                Conj/Ice       20%        3d6       16%         3
 Stone Arrow              Conj/Erth      40%        3d9       16%         3
 Inner Flame              Hex/Fire       19%        N/A       17%         3
 Call Imp                 Summ           11%        N/A       19%         2
 Kindle Blastsparks       Fire/Tloc/Air  32%        2d12      22%         3
 Mephitic Cloud           Conj/Pois/Air  17%        N/A       22%         3
 Flame Wave               Conj/Fire      29%        2d9       26%         4
 Sticky Flame             Conj/Fire      29%        2d5       26%         4
 Confusing Touch          Hex            11%        N/A       36%         3
 Frozen Ramparts          Ice            22%        1d4       36%         3
 Summon Guardian Golem    Hex/Summ       11%        N/A       36%         3
 Vhi's Electric Charge    Tloc/Air       22%        N/A       36%         3
 Fulminant Prism          Conj/Hex       10%        3d9       45%         4
 Animate Armour           Summ/Erth      22%        N/A       77%         4
 Dispel Undead            Necr           11%        3d9       77%         4
 Arcjolt                  Conj/Air       10%        1d20      82%         5
 Lightning Bolt           Conj/Air       10%        1d23      82%         5
 Summon Forest            Summ/Tloc      5%         N/A       98%         5
 Eringya's Noxious Bog    Tmut/Pois      5%         N/A       100%        6
 Orb of Destruction       Conj           15%        9d7       100%        7
 Spellforged Servitor     Conj/Summ      10%        N/A       100%        7
 Summon Hydra             Summ           5%         N/A       100%        7
 Lehudib's Crystal Spear  Conj/Erth      10%        10d4      100%        8


Dungeon Overview and Level Annotations

Branches:
Dungeon (12/15)            Temple (1/1) D:7            Lair (0/5) D:9
    Orc: D:9-12

Altars:
Ashenzari
Cheibriados
Dithmenos
Elyvilon
Fedhas
Gozag
Hepliaklqana
Kikubaaqudgha
Makhleb
Nemelex Xobeh
Okawaru
Qazlal
Ru
Sif Muna
Trog
Uskayaw
Vehumet
Wu Jian
Xom
Yredelemnul
Zin
The Shining One

Shops:
D:7 (   D:8 [

Annotations:
D:11 Snorg


Innate Abilities, Weirdness & Mutations

You are too large for most types of armour.
You have tough skin. (AC +1)


Message History

Something hits you but does no damage. You block something's attack.
You miss something. Something hits you.
* * * LOW HITPOINT WARNING * * *
Found 14 gold pieces.
The sentinel's mark upon you fades away.
You can now provide healing for yourself.
Found the Unrestrained Analects.
Found 6 stones.
Something hits you!
* * * LOW HITPOINT WARNING * * *
You are healed.
You can no longer provide healing for yourself.
The orc warrior hits you from afar with a +0 trident.
* * * LOW HITPOINT WARNING * * *
Something hits you but does no damage. Something hits you!
* * * LOW HITPOINT WARNING * * *
Something hits you!
* * * LOW HITPOINT WARNING * * *
You see here a scroll of poison.
g - a scroll of poison Something hits you.
* * * LOW HITPOINT WARNING * * *
You block the orc warrior's attack.
The air fills with toxic fumes!
As you read the scroll of poison, it crumbles to dust.
Something hits you but does no damage. x2; Something hits you.
* * * LOW HITPOINT WARNING * * *
The orc warrior hits you from afar with a +0 trident!
* * * LOW HITPOINT WARNING * * *
Okay, then.
You are confused.
You feel invigorated.
Something hits you but does no damage. x2
The orc warrior hits you from afar with a +0 trident.
* * * LOW HITPOINT WARNING * * *
Something hits you!
* * * LOW HITPOINT WARNING * * *
Something hits you.
* * * LOW HITPOINT WARNING * * *
The orc warrior hits you from afar with a +0 trident.
You die...

#.....####.######
#.8#8§#§...#
#.#§#§§§####
#.8#8§#§########
########
#.§§§§§§§§§§§§§#
#.......
####§§§§§§§§§§§#
#.......
##§§§§o§§§§§#
#.......
#§§§§.§§§§§#§
........
#§§§§@§§§§§§§
#.......
#§§§§§§§§§§##
#.......
##§#########
#....... #(
#....... ##
#....... ########


You could see an orc warrior.

Vanquished Creatures
  A two-headed ogre (D:11)
  2 death yaks
  Pikel (D:7)
  Joseph (D:8)
  An unseen horror (D:6)
  A troll (D:11)
  The ghost of gyole the Sneak, an amateur KoDe of Jiyva (D:6)
  2 shadows
  3 wraiths
  2 wyverns
  14 yaks
  2 steam dragons
  Menkaure (D:7)
  2 acid dragons (D:8)
  2 water moccasins
  The ghost of Gandelf the Magician, an amateur SpCj (D:5)
  7 orc warriors
  A sky beast (D:8)
  4 black bears
  4 ice beasts
  An ogre (D:5)
  7 centaurs
  2 phantoms (D:6)
  3 lemures
  5 scorpions
  A gnoll sergeant (D:9)
  2 bullfrogs (D:6)
  15 wights
  4 killer bees (D:9)
  8 howler monkeys
  6 hounds
  2 jellies
  8 orc priests
  2 iguanas
  14 orc wizards
  Robin (D:4)
  4 adders
  8 gnolls
  10 river rats
  4 shadow imps (D:6)
  2 white imps
  5 ufetubi
  3 worms
  2 dart slugs
  34 orcs
  5 ball pythons
  4 endoplasms
  6 giant cockroaches
  12 goblins
  8 hobgoblins
  2 jackals (D:1)
  8 kobolds
  15 quokkas
  10 bats
  3 frilled lizards
  22 rats
301 creatures vanquished.

Vanquished Creatures (collateral kills)
  5 foxfires (D:4)
5 creatures vanquished.

Vanquished Creatures (others)
  414 foxfires
  18 plants (D:4)
432 creatures vanquished.

Grand Total: 738 creatures vanquished

Notes
Turn   | Place    | Note
-------+----------+-------------------------------------------
     0 | D:1      | Aequonox the Ogre Fire Elementalist began the quest for the
                  | Orb.
     0 | D:1      | Reached XP level 1. HP: 16/16 MP: 3/3
   244 | D:1      | Reached XP level 2. HP: 24/24 MP: 5/5
   514 | D:1      | Reached skill level 1 in Conjurations
   715 | D:1      | Reached XP level 3. HP: 22/31 MP: 1/7
  1537 | D:2      | Reached skill level 3 in Spellcasting
  1636 | D:2      | Reached XP level 4. HP: 35/39 MP: 0/8
  1999 | D:2      | Learned a level 2 spell: Scorch
  2276 | D:2      | You fall into a shaft and drop 2 floors!
  2309 | D:4      | Identified the +1 robe "Qom Jeu" {Int+5 Slay+5}
  2350 | D:4      | Noticed Robin
  2382 | D:4      | Killed Robin
  2383 | D:4      | Reached XP level 5. HP: 44/46 MP: 1/10
  3877 | D:4      | Identified the +1 scale mail "Akumofuqe" {Will+}
  4124 | D:4      | Noticed a black bear
  4310 | D:4      | Reached skill level 1 in Fighting
  4409 | D:4      | Noticed a black bear
  4428 | D:5      | Entered Level 5 of the Dungeon
  4530 | D:5      | Noticed a black bear
  4532 | D:5      | Reached skill level 1 in Evocations
  4532 | D:5      | Reached XP level 6. HP: 55/55 MP: 5/11
  4575 | D:3      | Reached skill level 1 in Axes
  4575 | D:3      | Reached skill level 4 in Spellcasting
  4870 | D:3      | Killed a black bear
  4871 | D:3      | Reached skill level 1 in Armour
  4941 | D:4      | Killed a black bear
  4942 | D:4      | Reached skill level 1 in Shields
  4942 | D:4      | Reached XP level 7. HP: 65/65 MP: 7/13
  5998 | D:5      | Reached XP level 8. HP: 43/75 MP: 5/15
  6140 | D:5      | Reached skill level 5 in Spellcasting
  6583 | D:5      | Noticed Gandelf's ghost (amateur SpCj)
  6584 | D:5      | Identified the +10 giant club "Ocrun" {drain, rPois Will+}
  6586 | D:5      | Found a transporter.
  6589 | D:5      | Found a transporter.
  7415 | D:6      | Reached skill level 6 in Spellcasting
  7588 | D:6      | Reached XP level 9. HP: 85/85 MP: 7/18
  7770 | D:6      | Found a runed translucent gate.
  7770 | D:6      | Found a runed translucent gate.
  7771 | D:6      | Found a runed translucent gate.
  7771 | D:6      | Found an opulent altar of Gozag.
  7780 | D:6      | Noticed gyole's ghost (amateur KoDe)
  7977 | D:6      | Reached skill level 7 in Spellcasting
  8255 | D:5      | Killed Gandelf's ghost
  8256 | D:5      | Reached skill level 5 in Fighting
  8336 | D:6      | Reached skill level 1 in Maces & Flails
  8988 | D:7      | Reached XP level 10. HP: 43/98 MP: 3/21
  9239 | D:7      | Noticed Pikel
  9301 | D:7      | Found Paumerr's Antique Weapon Emporium.
  9343 | D:7      | Noticed Menkaure
  9354 | D:7      | Killed Menkaure
  9449 | D:7      | Reached skill level 8 in Spellcasting
  9614 | D:7      | Found a staircase to the Ecumenical Temple.
  9636 | Temple   | Entered the Ecumenical Temple
 10049 | Temple   | Became a worshipper of Zin the Law-Giver
 10049 | Temple   | Reached * piety under Zin
 10049 | Temple   | Reached ** piety under Zin
 10125 | Temple   | Fell from the grace of Zin
 10125 | Temple   | Became a worshipper of Elyvilon the Healer
 10369 | D:7      | Reached * piety under Elyvilon
 10731 | D:7      | Killed Pikel
 11268 | D:3      | You fall into a shaft and drop 2 floors!
 11370 | D:6      | Killed gyole's ghost
 11652 | D:6      | Killed an unseen horror
 12301 | D:8      | Found a snail-covered altar of Cheibriados.
 12402 | D:8      | Noticed Joseph
 12460 | D:8      | Reached skill level 5 in Maces & Flails
 12488 | D:8      | Reached ** piety under Elyvilon
 12781 | D:8      | Found Ackocor's Antique Armour Shoppe.
 12901 | D:8      | Killed Joseph
 13127 | D:9      | Noticed a death yak
 13127 | D:9      | Noticed a death yak
 13127 | D:9      | Noticed a death yak
 13127 | D:9      | Found a staircase to the Lair.
 13209 | D:9      | Found a glowing golden altar of the Shining One.
 13400 | D:8      | Killed a death yak
 13401 | D:8      | Reached XP level 11. HP: 30/109 MP: 23/23
 13788 | D:9      | Reached skill level 5 in Shields
 13803 | D:9      | Reached skill level 9 in Spellcasting
 14165 | D:9      | Reached skill level 5 in Dodging
 14181 | D:9      | Found a hide-covered altar of Uskayaw.
 14592 | D:10     | Entered Level 10 of the Dungeon
 14618 | D:9      | Killed a death yak
 15019 | D:10     | Reached *** piety under Elyvilon
 16209 | D:11     | Noticed a two-headed ogre
 16218 | D:11     | Killed a two-headed ogre
 16410 | D:11     | Noticed a boulder beetle
 16449 | D:11     | Noticed Snorg
 16472 | D:12     | Noticed a cyclops
 16496 | D:11     | Elyvilon protects you from harm!
 16500 | D:11     | HP: 3/113 [orc wizard/puff of flame (5)]
 16972 | D:11     | Noticed an orc knight
 17235 | D:11     | HP: 4/113 [orc warrior/+0 trident (7)]
 17237 | D:11     | Slain by an orc warrior

Illustrated notes

Levels and vault maps discovered:
D:1:      lordsloth_arrival_two_stooges, layout_loops_ring, st_stairs_6,
          kennysheep_boxes
D:2:      layout_rooms, st_stairs_14
D:3:      layout_loops_ring
D:4:      layout_basic, serial_bayou, serial_bayou_lagoon_b,
          serial_bayou_shore_a, serial_bayou_ford_a, serial_bayou_pond_e,
          uniq_robin
D:5:      lemuel_ratsnest, layout_loops_ring, gammafunk_ghost_smash
D:6:      minmay_bubble_buster, layout_loops_ring, ebering_ghost_gozag,
          corexii_checkpoint_a, corner_web_ring
D:7:      black_bear_nest_1, layout_basic, minmay_temple_entry_arrows,
          nicolae_stop_n_shop_2, uniq_menkaure, uniq_pikel
D:8:      layout_loops_corners, cheibriados_altar_1, serial_shops,
          nicolae_square_shop, kennysheep_nub,
          amcnicky_mini_rare_corridor_liquid, minmay_misc_feat_iff,
          hangedman_decor_peaks_small, uniq_joseph
D:9:      layout_basic, mainiacjoe_overflow_six_doors_small,
          nicolae_uskayaw_suspiria, dpeg_lair_monsters
D:10:     layout_cave_pools
D:11:     layout_roguey [special_room_orc], ebering_ghost_xom,
          corexii_leaking_fountain, minmay_statues_item, uniq_snorg
D:12:     layout_roguey, erik_orc_4
Temple:   nicolae_temple_bog_church

Skill      XL: |  1  2  3  4  5  6  7  8  9 10 11 |
---------------+----------------------------------+-----
Dodging        | 2 3 4 5 |  5.7
Fire Magic     | 3 |  3.6
Conjurations   | 1 2 4 |  4.1
Spellcasting   | 3 4 6 7 8 9 |  9.8
Fighting       | 1 2 3 4 5 7 8 |  8.6
Evocations     | 1 2 3 |  3.4
Axes           | 1 3 4 |  4.8
Armour         | 1 2 3 4 |  4.0
Shields        | 1 2 3 4 6 |  6.0
Maces & Flails | 3 5 7 |  7.0
Stealth        | |  1.5

Action                     |  1- 3 |  4- 6 |  7- 9 | 10-12 || total
---------------------------+-------+-------+-------+-------++-------
  Melee: Unarmed           |     9 |       |       |       ||     9
         Hand axe          |    24 |    36 |   105 |       ||   165
         Mace              |       |       |    89 |   367 ||   456
         Giant club        |       |       |    24 |    14 ||    38
   Cast: Foxfire           |    94 |    95 |    40 |    37 ||   266
         Scorch            |       |    12 |    91 |   128 ||   231
 Invoke: Heal Self         |       |       |       |     8 ||     8
  Evoke: Wand              |       |       |       |     3 ||     3
    Use: Scroll            |       |     3 |     8 |     9 ||    20
         Potion            |       |       |     3 |    10 ||    13
   Stab: Sleeping          |       |       |     1 |     5 ||     6
         Paralysed         |       |       |       |     8 ||     8
         Distracted        |       |       |       |     1 ||     1
 Armour: Robe              |    14 |    32 |    74 |   215 ||   335
  Dodge: Dodged            |    23 |    49 |    85 |   236 ||   393
  Block: Kite shield       |       |     6 |    94 |   270 ||   370

Table legend: (Time is in decaauts)
 A = Elapsed time spent in this place.
 B = Non-inter-level travel time spent in this place.
 C = Inter-level travel time spent in this place.
 D = Time resting spent in this place.
 E = Time spent auto-exploring this place.
 F = Levels seen in this place.
 G = Mean time per level.
                   A        B        C        D        E       F      G
               +--------+--------+--------+--------+--------+-----+--------+
         Total |  17365 |  15569 |   1796 |   3391 |   8310 |  13 | 1335.8 |
       Dungeon |  16785 |  15269 |   1516 |   3391 |   8035 |  12 | 1398.8 |
        Temple |    580 |    300 |    280 |      0 |    275 |   1 |  580.0 |
               +--------+--------+--------+--------+--------+-----+--------+

Top non-repeatable levels by time:
     D:6: 2163 daAuts
     D:5: 2009 daAuts
     D:9: 1883 daAuts
     D:7: 1879 daAuts
     D:1: 1785 daAuts
    D:10: 1480 daAuts
     D:4: 1429 daAuts
     D:8: 1397 daAuts
     D:2: 1114 daAuts
     D:3: 1007 daAuts
    D:11: 629 daAuts
  Temple: 580 daAuts
    D:12: 6 daAuts
